 Dungeon Crawl Stone Soup version 0.28-a0-872-g80cf8599ee (webtiles) character file.

Game seed: 17633070220634271473

28 ytrimaz the Skirmisher (level 2, 0/24 HPs)
             Began as a Demonspawn Fighter on Nov 20, 2021.
             Slain by a gnoll (7 damage)
             ... on level 1 of the Dungeon.
             The game lasted 00:00:57 (988 turns).

ytrimaz the Skirmisher (Demonspawn Fighter)          Turns: 988, Time: 00:00:58

Health: 0/24       AC:  7    Str: 16    XL:     2   Next: 96%
Magic:  2/2        EV:  9    Int:  9    God:
Gold:   17         SH:  4    Dex: 12    Spells: 1/1 levels left

rFire   . . .      SeeInvis .   a - +0 war axe
rCold   . . .      Faith    .   c - +0 buckler
rNeg    . . .      Spirit   .   b - +1 scale mail
rPois   .          Reflect  .   (no helmet)
rElec   .          Harm     .   (no cloak)
rCorr   .          Rampage  .   (no gloves)
Will    .....                   (no boots)
Stlth   ..........              (no amulet)
HPRegen 0.08/turn               (no ring)
MPRegen 0.08/turn               (no ring)

@: no status effects
A: hooves 1
a: no special abilities


You were on level 1 of the Dungeon.
You visited 1 branch of the dungeon, and saw 2 of its levels.

You collected 17 gold pieces.

Inventory:

Hand Weapons
 a - a +0 war axe (weapon)
Armour
 b - a +1 scale mail (worn)
 c - a +0 buckler (worn)
Scrolls
 f - a scroll of magic mapping
 h - 2 scrolls of amnesia
Potions
 d - 2 potions of might
 g - a potion of attraction {unknown}


   Skills:
 + Level 3.3 Fighting
 + Level 2.1 Axes
 + Level 3.0 Armour
 + Level 3.0 Shields


You had one spell level left.
You didn't know any spells.
Your spell library was empty.

Dungeon Overview and Level Annotations

Branches:
Dungeon (2/15)

Altars:


Innate Abilities, Weirdness & Mutations

You have large cloven feet.


Message History

The hobgoblin hits you but does no damage.
Unknown command.
The hobgoblin hits you.
You climb upwards.
There is a stone staircase leading down here.
You closely miss the hobgoblin. You block the hobgoblin's attack.
The hobgoblin barely misses you.
You slash the hobgoblin!
You kill the hobgoblin!
You see here a hobgoblin corpse.
You see here a hobgoblin corpse.
There is a stone staircase leading down here.
You start resting.
HP restored.
You climb downwards.
The gnoll barely misses you. The gnoll hits you with a +0 club.
The gnoll closely misses you.
There is a stone staircase leading up here.
The gnoll completely misses you. The gnoll hits you but does no damage.
You climb upwards.
There is a stone staircase leading down here.
The gnoll hits you with a +0 club.
You see here a hobgoblin corpse.
You hit the gnoll but do no damage. The gnoll hits you with a +0 club.
The gnoll hits you but does no damage.
You hit the gnoll. You kick the gnoll, but do no damage.
The gnoll is moderately wounded.
The gnoll hits you but does no damage.
You closely miss the gnoll. You kick the gnoll, but do no damage.
The gnoll is moderately wounded.
The gnoll closely misses you.
You hit the gnoll. You kick the gnoll.
The gnoll is severely wounded.
You block the gnoll's attack. The gnoll hits you with a +0 club!
* * * LOW HITPOINT WARNING * * *
You are too injured to fight recklessly!
You are too injured to fight recklessly!
You hit the gnoll.
You kill the gnoll!
The gnoll hits you with a +0 club!
You die...

#.#####...........###### #.#
#.........>...)..# # #####.#
##..#######..####.###
#...#.####....................
#.#.......)..####.##).####.#..
#...#.####...# #.##..........
####.†.#..# #...####.##..####.###
.....#.##.# #...##...##..# #.# #
####...##.# #...@g>......# ##.###
######.###.####.####..# #>....
#.##...###..###..###..###
#.#......#...##..........
#########.....##.....########.###
........#.....##+###+########.#
#######.#..#..#.......#.......#
#.......#..(..#.).....'..>....#
#.#####.##....#.8.⌠.8.#.......###


You could see a gnoll.

Vanquished Creatures
  A gnoll (D:1)
  An adder (D:2)
  2 ball pythons (D:1)
  2 endoplasms (D:1)
  3 giant cockroaches (D:1)
  A hobgoblin (D:1)
  2 quokkas
  A bat (D:1)
  2 frilled lizards (D:1)
  A goblin (D:1)
  A kobold (D:1)
  2 rats
19 creatures vanquished.

Notes
Turn   | Place    | Note
-------+----------+-------------------------------------------
     0 | D:1      | ytrimaz the Demonspawn Fighter began the quest for the Orb.
     0 | D:1      | Reached XP level 1. HP: 18/18 MP: 1/1
   304 | D:1      | Gained mutation: You have large cloven feet. [demonic
                  | ancestry]
   304 | D:1      | Reached XP level 2. HP: 24/24 MP: 2/2
   988 | D:1      | Slain by a gnoll

Illustrated notes

Levels and vault maps discovered:
D:1:      dpeg_arrival_simpleton_b, layout_loops_ring
D:2:      layout_loops_cross, serial_shops, nicolae_square_shop,
          nrook_mini_vaults, dk_noncrumbling_4, chequers_avenue,
          wander_ebering_terrifying_dragon_lair

Skill      XL: |  1  2 |
---------------+-------+-----
Axes           | 2 |  2.1
Armour         | 3 |  3.0
Shields        | 3 |  3.0
Fighting       | |  3.3

Action                   || total
-------------------------++-------
Melee: War axe           ||    59
       Kick              ||    12
  Use: Scroll            ||     4
Armor: Scale mail        ||    36
Dodge: Dodged            ||    25
Block: Buckler           ||     9

Table legend: (Time is in decaauts)
 A = Elapsed time spent in this place.
 B = Non-inter-level travel time spent in this place.
 C = Inter-level travel time spent in this place.
 D = Time resting spent in this place.
 E = Time spent auto-exploring this place.
 F = Levels seen in this place.
 G = Mean time per level.
                   A        B        C        D        E       F      G
               +--------+--------+--------+--------+--------+-----+--------+
         Total |   1014 |    965 |     49 |    104 |    700 |   2 |  507.0 |
       Dungeon |   1014 |    965 |     49 |    104 |    700 |   2 |  507.0 |
               +--------+--------+--------+--------+--------+-----+--------+

Top non-repeatable levels by time:
     D:1: 989 daAuts
     D:2: 24 daAuts
